2407 views
Uploaded 2022-05-04 22:01:37
Game version 1.32.10
51:02 long 3on3 ladder game on (6)Monsoon_LV
Saved by GIGA
2407 views
Uploaded 2022-05-04 22:01:37
Game version 1.32.10
51:02 long 3on3 ladder game on (6)Monsoon_LV


247 units @ 27.8k
/ 2.9k
114 buildings @ 20.1k
/ 10.1k

| Healing Salve | 2 | 200 |
| Lesser Clarity Potion | 1 | 70 |
| total: | 3 | 270g |
| Peon | 8 | 600 | / | 0 |
| Troll Headhunter | 10 | 1400 | / | 200 |
| total: | 18 | 2000g | / | 200w |
| Altar of Storms | 1 | 180 | / | 50 |
| Orc Burrow | 4 | 640 | / | 160 |
| War Mill | 1 | 205 | / | 0 |
| Barracks | 1 | 180 | / | 50 |
| Voodoo Lounge | 1 | 130 | / | 30 |
| Great Hall | 1 | 385 | / | 185 |
| Stronghold | 1 | 315 | / | 190 |
| total: | 9 | 1720g | / | 475w |
| 0:03 | Peon |
| 0:03 | Peon |
| 0:07 | Altar of Storms |
| 0:20 | Orc Burrow |
| 0:27 | Peon |
| 0:40 | Peon |
| 0:50 | War Mill |
| 1:05 | Barracks |
| 1:10 | Peon |
| 1:10 | Peon |
| 1:26 | Peon |
| 1:57 | Orc Burrow |
| 2:04 | Voodoo Lounge |
| 2:07 | Troll Headhunter |
| 2:14 | Feral Spirit |
| 2:20 | Peon |
| 2:24 | Troll Headhunter |
| 2:43 | Troll Headhunter |
| 2:43 | Troll Headhunter |
| 3:20 | Troll Headhunter |
| 3:30 | Troll Headhunter |
| 3:30 | Troll Headhunter |
| 4:01 | Orc Burrow |
| 4:46 | Great Hall |
| 4:48 | Healing Salve |
| 4:55 | Lesser Clarity Potion |
| 4:58 | Healing Salve |
| 5:05 | Stronghold |
| 5:13 | Chain Lighting |
| 5:46 | Troll Headhunter |
| 6:01 | Orc Burrow |
| 6:03 | Spiked Barricades |
| 6:05 | Troll Headhunter |
| 6:05 | Troll Headhunter |
| 6:19 | Steel Ranged Weapons |
| 6:19 | Improved Spiked Barricades |
| Right click | 254 |
| Select | 108 |
| Chat | 77 |
| Build/train/purchase | 39 |
| Use ability | 3 |
| Remove unit | 1 |


| Wisp | 14 | 840 | / | 0 |
| Archer | 8 | 1040 | / | 80 |
| Huntress | 2 | 390 | / | 40 |
| Druid of the Claw | 1 | 255 | / | 80 |
| total: | 25 | 2525g | / | 200w |
| Altar of Elders | 1 | 180 | / | 50 |
| Moon Well | 4 | 720 | / | 160 |
| Ancient of War | 1 | 150 | / | 60 |
| Hunter's Hall | 1 | 210 | / | 100 |
| Ancient of Wonders | 1 | 90 | / | 30 |
| Ancient of Lore | 2 | 310 | / | 290 |
| Tree of Ages | 1 | 320 | / | 180 |
| total: | 10 | 1660g | / | 690w |
| 0:05 | Altar of Elders |
| 0:07 | Wisp |
| 0:07 | Wisp |
| 0:07 | Wisp |
| 0:23 | Moon Well |
| 0:37 | Ancient of War |
| 0:42 | Wisp |
| 0:43 | Wisp |
| 0:53 | Wisp |
| 1:36 | Moon Well |
| 1:40 | Wisp |
| 1:40 | Wisp |
| 1:43 | Archer |
| 1:43 | Archer |
| 2:09 | Wisp |
| 2:28 | Archer |
| 2:30 | Archer |
| 2:30 | Archer |
| 2:56 | Force of Nature |
| 3:18 | Archer |
| 3:21 | Tree of Ages |
| 3:28 | Hunter's Hall |
| 4:03 | Archer |
| 4:03 | Archer |
| 4:18 | Moon Well |
| 4:36 | Thorns Aura |
| 4:50 | Ancient of Wonders |
| 4:57 | Huntress |
| 5:40 | Ultravision |
| 5:42 | Huntress |
| 5:45 | Moon Well |
| 5:49 | Wisp |
| 5:49 | Wisp |
| 5:49 | Wisp |
| 5:58 | Ancient of Lore |
| 6:08 | Moon Glaive |
| 7:10 | Entangling Roots |
| 7:15 | Druid of the Claw Adept Training |
| 7:22 | Ancient of Lore |
| 7:25 | Wisp |
| 7:25 | Wisp |
| 7:28 | Strength of the Moon |
| 8:06 | Druid of the Claw |
| 8:19 | Searing Arrows |
| Select | 102 |
| Right click | 82 |
| Build/train/purchase | 39 |
| Misc. action | 10 |
| Use ability | 10 |
| Assign group | 4 |
| Select group | 2 |
빼빼로맛아몬드
(2)
(48:41) : 



| Healing Salve | 6 | 600 |
| Lesser Clarity Potion | 4 | 280 |
| Potion of Mana | 4 | 800 |
| Tiny Great Hall | 1 | 600 |
| Scroll of Town Portal | 3 | 1050 |
| total: | 18 | 3330g |
| Peon | 55 | 4125 | / | 0 |
| Grunt | 15 | 3000 | / | 0 |
| Troll Headhunter | 7 | 980 | / | 140 |
| Raider | 14 | 2520 | / | 560 |
| Troll Berserker | 24 | 3360 | / | 480 |
| Demolisher | 5 | 1100 | / | 250 |
| Troll Batrider | 6 | 960 | / | 240 |
| Chimaera | 8 | 2640 | / | 560 |
| Wisp | 65 | 3900 | / | 0 |
| Dryad | 5 | 725 | / | 300 |
| total: | 204 | 23310g | / | 2530w |
| Watch Tower | 40 | 4400 | / | 3200 |
| Altar of Storms | 1 | 180 | / | 50 |
| Orc Burrow | 12 | 1920 | / | 480 |
| Barracks | 2 | 360 | / | 100 |
| Voodoo Lounge | 1 | 130 | / | 30 |
| Great Hall | 7 | 2695 | / | 1295 |
| War Mill | 3 | 615 | / | 0 |
| Beastiary | 4 | 580 | / | 560 |
| Stronghold | 2 | 630 | / | 380 |
| Fortress | 3 | 975 | / | 570 |
| Ancient Protector | 3 | 405 | / | 240 |
| Tree of Life | 10 | 3400 | / | 1850 |
| Moon Well | 7 | 1260 | / | 280 |
| Hunter's Hall | 1 | 210 | / | 100 |
| Chimaera Roost | 4 | 560 | / | 760 |
| Tree of Ages | 2 | 640 | / | 360 |
| Tree of Eternity | 2 | 660 | / | 400 |
| total: | 95 | 16715g | / | 8945w |
| 0:02 | Peon |
| 0:02 | Peon |
| 0:03 | Peon |
| 0:06 | Altar of Storms |
| 0:19 | Orc Burrow |
| 0:34 | Barracks |
| 0:39 | Peon |
| 0:40 | Peon |
| 1:03 | Peon |
| 1:18 | Peon |
| 1:20 | Orc Burrow |
| 1:35 | Peon |
| 1:39 | Grunt |
| 1:57 | Voodoo Lounge |
| 2:02 | Peon |
| 2:09 | Shockwave |
| 2:18 | Grunt |
| 2:41 | Peon |
| 2:52 | Grunt |
| 2:52 | Grunt |
| 3:20 | Stronghold |
| 3:35 | Grunt |
| 3:35 | Grunt |
| 3:40 | Endurance Aura |
| 3:48 | Healing Salve |
| 4:26 | Great Hall |
| 4:35 | Orc Burrow |
| 5:02 | War Mill |
| 5:03 | Healing Salve |
| 5:06 | Healing Salve |
| 5:41 | Shockwave |
| 5:50 | Berserker Strength |
| 5:51 | Pillage |
| 6:19 | Beastiary |
| 6:19 | Beastiary |
| 6:20 | Peon |
| 6:21 | Peon |
| 6:33 | Grunt |
| 6:35 | Lesser Clarity Potion |
| 6:43 | Potion of Mana |
| 6:43 | Potion of Mana |
| 7:24 | Troll Headhunter |
| 7:24 | Troll Headhunter |
| 7:25 | Barracks |
| 7:31 | Healing Salve |
| 7:31 | Healing Salve |
| 7:31 | Lesser Clarity Potion |
| 7:32 | Lesser Clarity Potion |
| 7:51 | Healing Wave |
| 7:54 | Raider |
| 7:57 | Peon |
| 7:57 | Peon |
| 8:09 | Troll Regeneration |
| 8:51 | Troll Headhunter |
| 9:01 | Raider |
| 9:07 | Peon |
| 9:07 | Peon |
| 9:07 | Peon |
| 9:07 | Peon |
| 9:07 | Peon |
| 9:18 | Chain Lighting |
| 9:24 | Troll Headhunter |
| 9:30 | Raider |
| 9:43 | Tree of Eternity |
| 10:10 | Troll Headhunter |
| 10:24 | Peon |
| 10:24 | Peon |
| 10:24 | Peon |
| 10:31 | Ensnare |
| 10:41 | Fortress |
| 10:53 | Strength of the Wild |
| 10:53 | Improved Strength of the Wild |
| 11:33 | Orc Burrow |
| 11:33 | Orc Burrow |
| 11:45 | Fortress |
| 11:49 | War Mill |
| 12:07 | Healing Wave |
| 12:10 | Endurance Aura |
| 12:24 | Tree of Life |
| 12:28 | Raider |
| 12:39 | Chimaera Roost |
| 12:41 | Chimaera Roost |
| 12:42 | Chimaera Roost |
| 12:44 | Chimaera Roost |
| 12:48 | Moon Well |
| 12:49 | Moon Well |
| 12:50 | Moon Well |
| 12:59 | Troll Headhunter |
| 12:59 | Troll Headhunter |
| 13:05 | Burning Oil |
| 13:06 | Berserker Upgrade |
| 13:35 | Peon |
| 13:35 | Peon |
| 13:49 | Peon |
| 13:49 | Peon |
| 13:49 | Peon |
| 13:49 | Peon |
| 13:49 | Peon |
| 13:54 | Peon |
| 14:01 | Chimaera |
| 14:05 | Moon Well |
| 14:06 | Moon Well |
| 14:33 | Hex |
| 14:49 | Chimaera |
| 14:59 | Troll Berserker |
| 15:01 | Raider |
| 15:12 | Steel Ranged Weapons |
| 15:18 | Corrosive Breath |
| 15:21 | Moon Well |
| 15:26 | Wisp |
| 15:26 | Wisp |
| 15:26 | Wisp |
| 15:26 | Wisp |
| 15:27 | Wisp |
| 15:50 | Chimaera |
| 15:52 | Advanced Strength of the Wild |
| 16:07 | Chimaera |
| 16:24 | Hex |
| 16:26 | Feral Spirit |
| 16:32 | Moon Well |
| 16:39 | Chimaera |
| 16:40 | Chimaera |
| 16:44 | Troll Berserker |
| 16:44 | Troll Berserker |
| 16:44 | Troll Berserker |
| 16:59 | Chimaera |
| 18:01 | Chimaera |
| 18:23 | Healing Wave |
| 18:27 | Demolisher |
| 18:27 | Demolisher |
| 18:27 | Demolisher |
| 18:29 | Demolisher |
| 18:30 | Demolisher |
| 18:37 | Raider |
| 19:16 | Troll Berserker |
| 19:16 | Troll Berserker |
| 19:30 | Reinforced Defenses |
| 19:43 | Great Hall |
| 20:15 | Orc Burrow |
| 20:15 | Orc Burrow |
| 20:18 | Orc Burrow |
| 21:12 | Tree of Life |
| 21:51 | Dryad |
| 21:51 | Dryad |
| 21:51 | Dryad |
| 22:30 | Dryad |
| 22:30 | Dryad |
| 23:14 | Beastiary |
| 23:15 | Beastiary |
| 23:54 | Breath of Fire |
| 24:18 | Tree of Life |
| 24:25 | Troll Batrider |
| 24:25 | Troll Batrider |
| 24:31 | Watch Tower |
| 24:33 | Watch Tower |
| 24:34 | Watch Tower |
| 25:52 | Peon |
| 25:53 | Peon |
| 25:54 | Troll Berserker |
| 25:54 | Troll Berserker |
| 25:54 | Troll Berserker |
| 25:54 | Troll Berserker |
| 26:03 | Watch Tower |
| 26:03 | Watch Tower |
| 26:34 | Troll Batrider |
| 26:59 | Watch Tower |
| 27:03 | Watch Tower |
| 27:04 | Watch Tower |
| 27:04 | Watch Tower |
| 27:05 | Watch Tower |
| 27:28 | Watch Tower |
| 27:29 | Watch Tower |
| 28:41 | Peon |
| 28:41 | Peon |
| 28:41 | Peon |
| 28:41 | Peon |
| 28:41 | Peon |
| 28:42 | Peon |
| 28:45 | Shockwave |
| 28:52 | Entangling Roots |
| 28:55 | Healing Wave |
| 29:17 | Troll Berserker |
| 29:17 | Troll Berserker |
| 29:17 | Troll Berserker |
| 29:17 | Troll Berserker |
| 29:17 | Troll Berserker |
| 30:16 | Watch Tower |
| 30:16 | Watch Tower |
| 30:17 | Watch Tower |
| 30:18 | Watch Tower |
| 30:18 | Watch Tower |
| 30:33 | Great Hall |
| 30:37 | Great Hall |
| 30:45 | Grunt |
| 30:46 | Raider |
| 31:02 | Raider |
| 31:03 | Grunt |
| 31:57 | Watch Tower |
| 31:58 | Watch Tower |
| 31:58 | Watch Tower |
| 31:58 | Watch Tower |
| 31:59 | Watch Tower |
| 32:08 | Drunken Brawler |
| 32:58 | Great Hall |
| 33:26 | Troll Batrider |
| 33:33 | Tree of Life |
| 33:38 | Orc Burrow |
| 33:38 | Orc Burrow |
| 33:41 | Watch Tower |
| 33:56 | Tiny Great Hall |
| 34:22 | Watch Tower |
| 34:40 | Watch Tower |
| 34:40 | Watch Tower |
| 35:36 | Watch Tower |
| 35:37 | Peon |
| 35:37 | Peon |
| 35:37 | Peon |
| 35:38 | Peon |
| 35:43 | Wisp |
| 35:43 | Wisp |
| 35:44 | Wisp |
| 35:44 | Wisp |
| 35:44 | Wisp |
| 35:44 | Wisp |
| 36:28 | Troll Batrider |
| 36:28 | Troll Batrider |
| 36:45 | Wisp |
| 36:45 | Wisp |
| 37:30 | Tree of Life |
| 37:32 | Tree of Life |
| 37:38 | Troll Berserker |
| 37:39 | Troll Berserker |
| 37:43 | Orc Burrow |
| 37:43 | Orc Burrow |
| 37:50 | Watch Tower |
| 37:50 | Watch Tower |
| 37:54 | Peon |
| 37:54 | Peon |
| 37:54 | Peon |
| 37:54 | Peon |
| 38:20 | Great Hall |
| 39:11 | Raider |
| 39:13 | Grunt |
| 39:28 | Troll Berserker |
| 39:28 | Troll Berserker |
| 39:47 | Grunt |
| 39:48 | Raider |
| 39:55 | Chain Lighting |
| 40:05 | Raider |
| 40:06 | Grunt |
| 40:16 | Grunt |
| 40:16 | Troll Berserker |
| 40:17 | Troll Berserker |
| 40:17 | Troll Berserker |
| 40:27 | Healing Salve |
| 40:27 | Lesser Clarity Potion |
| 40:32 | Potion of Mana |
| 40:32 | Potion of Mana |
| 40:37 | Watch Tower |
| 40:37 | Watch Tower |
| 40:52 | Watch Tower |
| 40:52 | Watch Tower |
| 40:55 | Wisp |
| 40:55 | Wisp |
| 40:56 | Wisp |
| 40:57 | Wisp |
| 40:57 | Wisp |
| 41:00 | Wisp |
| 41:00 | Wisp |
| 41:00 | Wisp |
| 41:00 | Wisp |
| 41:00 | Wisp |
| 41:10 | Raider |
| 41:47 | Reincarnation |
| 42:06 | Raider |
| 42:06 | Grunt |
| 42:21 | Troll Berserker |
| 42:21 | Troll Berserker |
| 42:27 | Tree of Ages |
| 42:36 | Great Hall |
| 42:37 | Watch Tower |
| 42:48 | Grunt |
| 42:49 | Raider |
| 43:02 | Scroll of Town Portal |
| 43:02 | Scroll of Town Portal |
| 43:02 | Scroll of Town Portal |
| 43:23 | Hex |
| 43:45 | Watch Tower |
| 43:56 | Tree of Life |
| 43:59 | Tree of Life |
| 44:25 | Watch Tower |
| 44:26 | Watch Tower |
| 44:26 | Watch Tower |
| 44:28 | Watch Tower |
| 44:50 | War Mill |
| 45:10 | Peon |
| 45:10 | Peon |
| 45:10 | Peon |
| 45:11 | Peon |
| 45:11 | Peon |
| 45:18 | Hunter's Hall |
| 45:19 | Wisp |
| 45:19 | Wisp |
| 45:19 | Wisp |
| 45:19 | Wisp |
| 45:19 | Wisp |
| 45:19 | Wisp |
| 45:38 | Wisp |
| 45:39 | Wisp |
| 45:39 | Wisp |
| 45:40 | Wisp |
| 45:41 | Wisp |
| 45:41 | Wisp |
| 45:41 | Wisp |
| 45:41 | Wisp |
| 45:44 | Wisp |
| 45:44 | Wisp |
| 45:45 | Wisp |
| 45:45 | Wisp |
| 45:45 | Wisp |
| 45:45 | Wisp |
| 45:55 | Peon |
| 45:55 | Peon |
| 45:56 | Peon |
| 45:56 | Peon |
| 46:04 | Wisp |
| 46:04 | Wisp |
| 46:04 | Wisp |
| 46:14 | Watch Tower |
| 46:23 | Wisp |
| 46:23 | Wisp |
| 46:30 | Ancient Protector |
| 46:30 | Ancient Protector |
| 46:31 | Ancient Protector |
| 46:33 | Wisp |
| 46:33 | Wisp |
| 46:36 | Wisp |
| 46:36 | Wisp |
| 46:36 | Wisp |
| 46:40 | Wisp |
| 46:40 | Wisp |
| 46:40 | Wisp |
| 46:40 | Wisp |
| 46:52 | Wisp |
| 46:52 | Wisp |
| 46:52 | Wisp |
| 47:16 | Tree of Life |
| 47:31 | Wisp |
| 47:31 | Wisp |
| 47:31 | Wisp |
| 47:31 | Wisp |
| 47:32 | Wisp |
| 47:52 | Tree of Life |
| Right click | 1663 |
| Select group | 1347 |
| Select | 1233 |
| Misc. action | 483 |
| Build/train/purchase | 314 |
| Use ability | 163 |
| Assign group | 61 |
| Resource trade | 23 |
| Item give/drop | 7 |
| Esc | 5 |
| Remove unit | 4 |
| Minimap ping | 1 |
167 units @ 16.1k
/ 1.7k
139 buildings @ 12.6k
/ 5.8k



| Ivory Tower | 8 | 320 |
| Boots of Speed | 2 | 500 |
| Healing Salve | 1 | 100 |
| Orb of Lightning | 1 | 375 |
| total: | 12 | 1295g |
| Peasant | 26 | 1950 | / | 0 |
| Mortar Team | 5 | 900 | / | 350 |
| Flying Machine | 24 | 2400 | / | 720 |
| total: | 55 | 5250g | / | 1070w |
| Scout Tower | 36 | 1080 | / | 720 |
| Arcane Tower | 1 | 70 | / | 50 |
| Guard Tower | 13 | 910 | / | 650 |
| Altar of Kings | 2 | 360 | / | 100 |
| Farm | 20 | 1600 | / | 400 |
| Lumber Mill | 3 | 360 | / | 0 |
| Town Hall | 2 | 770 | / | 410 |
| Blacksmith | 2 | 280 | / | 120 |
| Arcane Vault | 2 | 260 | / | 60 |
| Workshop | 3 | 420 | / | 420 |
| Keep | 1 | 320 | / | 210 |
| Castle | 1 | 360 | / | 210 |
| total: | 70 | 5130g | / | 2230w |
| 0:02 | Peasant |
| 0:10 | Peasant |
| 0:18 | Altar of Kings |
| 0:19 | Peasant |
| 0:32 | Farm |
| 0:33 | Peasant |
| 0:45 | Peasant |
| 0:49 | Lumber Mill |
| 0:50 | Peasant |
| 0:57 | Peasant |
| 1:04 | Peasant |
| 1:07 | Farm |
| 1:12 | Peasant |
| 1:23 | Peasant |
| 1:25 | Farm |
| 1:52 | Improved Lumber Harvesting |
| 2:00 | Scout Tower |
| 2:01 | Scout Tower |
| 2:03 | Peasant |
| 2:18 | Peasant |
| 2:29 | Storm Bolt |
| 2:41 | Arcane Tower |
| 2:42 | Peasant |
| 2:49 | Peasant |
| 2:51 | Improved Masonry |
| 3:22 | Peasant |
| 3:23 | Peasant |
| 3:35 | Peasant |
| 3:38 | Scout Tower |
| 3:39 | Scout Tower |
| 3:39 | Scout Tower |
| 3:51 | Town Hall |
| 4:06 | Scout Tower |
| 4:06 | Scout Tower |
| 4:19 | Guard Tower |
| 4:20 | Peasant |
| 4:26 | Scout Tower |
| 4:27 | Scout Tower |
| 4:28 | Scout Tower |
| 4:31 | Scout Tower |
| 4:32 | Scout Tower |
| 4:33 | Scout Tower |
| 4:48 | Healing Salve |
| 4:54 | Guard Tower |
| 4:56 | Scout Tower |
| 4:56 | Scout Tower |
| 5:08 | Peasant |
| 5:15 | Guard Tower |
| 5:26 | Peasant |
| 5:26 | Peasant |
| 5:51 | Guard Tower |
| 5:58 | Bash |
| 5:59 | Bash |
| 6:01 | Keep |
| 6:03 | Scout Tower |
| 6:04 | Scout Tower |
| 6:05 | Scout Tower |
| 6:28 | Scout Tower |
| 6:29 | Scout Tower |
| 6:39 | Blacksmith |
| 6:42 | Blacksmith |
| 6:48 | Peasant |
| 7:01 | Guard Tower |
| 7:04 | Scout Tower |
| 7:05 | Scout Tower |
| 7:47 | Town Hall |
| 8:52 | Workshop |
| 8:55 | Workshop |
| 8:57 | Black Gunpowder |
| 8:58 | Castle |
| 9:02 | Peasant |
| 9:10 | Advanced Lumber Harvesting |
| 9:10 | Advanced Masonry |
| 9:16 | Guard Tower |
| 9:53 | Iron Plating |
| 10:04 | Flak Cannons |
| 10:05 | Flare |
| 10:37 | Mortar Team |
| 11:02 | Refined Gunpowder |
| 11:13 | Altar of Kings |
| 11:15 | Farm |
| 11:17 | Farm |
| 11:18 | Farm |
| 11:19 | Farm |
| 11:21 | Farm |
| 11:22 | Farm |
| 11:26 | Farm |
| 11:36 | Flying Machine Bombs |
| 11:37 | Fragmentation Shards |
| 11:37 | Mortar Team |
| 12:35 | Farm |
| 12:37 | Farm |
| 12:39 | Farm |
| 12:41 | Farm |
| 13:49 | Storm Bolt |
| 13:52 | Holy Light |
| 14:01 | Imbued Gunpowder |
| 14:01 | Steel Plating |
| 14:24 | Lumber Mill |
| 14:27 | Farm |
| 14:27 | Farm |
| 14:56 | Brilliance Aura |
| 15:10 | Workshop |
| 15:23 | Flying Machine |
| 15:23 | Flying Machine |
| 15:23 | Flying Machine |
| 15:24 | Flying Machine |
| 15:24 | Flying Machine |
| 15:24 | Flying Machine |
| 15:24 | Flying Machine |
| 15:32 | Imbued Masonry |
| 16:33 | Flying Machine |
| 16:33 | Flying Machine |
| 16:33 | Flying Machine |
| 16:33 | Flying Machine |
| 17:08 | Flying Machine |
| 17:08 | Flying Machine |
| 17:44 | Divine Shield |
| 17:55 | Flying Machine |
| 18:30 | Mithril Plating |
| 19:41 | Flying Machine |
| 22:31 | Scout Tower |
| 22:31 | Scout Tower |
| 22:32 | Scout Tower |
| 22:33 | Scout Tower |
| 22:33 | Scout Tower |
| 22:37 | Scout Tower |
| 22:38 | Scout Tower |
| 22:39 | Scout Tower |
| 22:45 | Scout Tower |
| 22:47 | Scout Tower |
| 22:47 | Scout Tower |
| 22:54 | Arcane Vault |
| 22:55 | Arcane Vault |
| 23:02 | Guard Tower |
| 23:04 | Guard Tower |
| 23:10 | Guard Tower |
| 23:14 | Scout Tower |
| 23:14 | Scout Tower |
| 23:15 | Scout Tower |
| 23:30 | Divine Shield |
| 23:40 | Guard Tower |
| 26:02 | Blizzard |
| 26:05 | Bash |
| 26:06 | Bash |
| 31:16 | Holy Light |
| 33:35 | Flying Machine |
| 33:36 | Flying Machine |
| 33:37 | Flying Machine |
| 33:37 | Flying Machine |
| 34:30 | Flying Machine |
| 34:54 | Boots of Speed |
| 34:54 | Boots of Speed |
| 35:16 | Orb of Lightning |
| 35:30 | Ivory Tower |
| 35:30 | Ivory Tower |
| 35:33 | Ivory Tower |
| 35:33 | Ivory Tower |
| 35:39 | Mortar Team |
| 35:40 | Mortar Team |
| 35:41 | Mortar Team |
| 35:43 | Farm |
| 35:44 | Farm |
| 35:44 | Farm |
| 35:45 | Farm |
| 36:52 | Divine Shield |
| 37:06 | Ivory Tower |
| 37:06 | Ivory Tower |
| 37:07 | Ivory Tower |
| 37:07 | Ivory Tower |
| 38:02 | Guard Tower |
| 38:06 | Guard Tower |
| 38:09 | Guard Tower |
| 39:25 | Brilliance Aura |
| 39:49 | Divine Shield |
| 40:26 | Flying Machine |
| 40:27 | Flying Machine |
| 40:27 | Flying Machine |
| 40:40 | Flying Machine |
| 40:59 | Storm Bolt |
| 41:07 | Storm Bolt |
| 43:01 | Lumber Mill |
| 43:11 | Peasant |
| 43:11 | Peasant |
| 43:11 | Peasant |
| 44:32 | Avatar |
| 44:34 | Avatar |
| 45:39 | Holy Light |
| Right click | 1466 |
| Select group | 711 |
| Select | 546 |
| Misc. action | 174 |
| Build/train/purchase | 142 |
| Use ability | 139 |
| Resource trade | 21 |
| Minimap ping | 14 |
| Assign group | 13 |
| Item give/drop | 7 |



| Peasant | 22 | 1650 | / | 0 |
| Dragonhawk Rider | 14 | 2800 | / | 420 |
| Sorceress | 3 | 465 | / | 60 |
| total: | 39 | 4915g | / | 480w |
| Scout Tower | 31 | 930 | / | 620 |
| Arcane Tower | 7 | 490 | / | 350 |
| Guard Tower | 4 | 280 | / | 200 |
| Altar of Kings | 2 | 360 | / | 100 |
| Farm | 10 | 800 | / | 200 |
| Lumber Mill | 2 | 240 | / | 0 |
| Blacksmith | 1 | 140 | / | 60 |
| Town Hall | 5 | 1925 | / | 1025 |
| Arcane Vault | 1 | 130 | / | 30 |
| Barracks | 1 | 160 | / | 60 |
| Cannon Tower | 4 | 480 | / | 400 |
| Workshop | 1 | 140 | / | 140 |
| Arcane Sanctum | 1 | 150 | / | 140 |
| Gryphon Aviary | 1 | 140 | / | 150 |
| Keep | 2 | 640 | / | 420 |
| Castle | 1 | 360 | / | 210 |
| total: | 56 | 5115g | / | 2525w |
| 0:04 | Peasant |
| 0:05 | Peasant |
| 0:09 | Altar of Kings |
| 0:14 | Farm |
| 0:16 | Farm |
| 0:20 | Peasant |
| 0:27 | Peasant |
| 0:37 | Peasant |
| 0:43 | Lumber Mill |
| 0:49 | Peasant |
| 0:57 | Peasant |
| 1:30 | Farm |
| 1:39 | Peasant |
| 1:39 | Peasant |
| 1:39 | Peasant |
| 1:43 | Scout Tower |
| 1:47 | Improved Lumber Harvesting |
| 1:57 | Peasant |
| 2:12 | Arcane Tower |
| 2:28 | Peasant |
| 2:28 | Peasant |
| 2:28 | Peasant |
| 2:30 | Peasant |
| 2:43 | Storm Bolt |
| 3:14 | Scout Tower |
| 3:15 | Scout Tower |
| 3:16 | Scout Tower |
| 3:17 | Scout Tower |
| 3:56 | Scout Tower |
| 3:57 | Scout Tower |
| 4:01 | Guard Tower |
| 4:21 | Keep |
| 4:22 | Improved Masonry |
| 4:32 | Scout Tower |
| 4:33 | Scout Tower |
| 4:34 | Scout Tower |
| 4:45 | Lumber Mill |
| 4:49 | Blacksmith |
| 4:56 | Scout Tower |
| 4:58 | Scout Tower |
| 5:03 | Guard Tower |
| 5:06 | Scout Tower |
| 5:27 | Guard Tower |
| 6:04 | Scout Tower |
| 6:05 | Scout Tower |
| 6:05 | Scout Tower |
| 6:06 | Scout Tower |
| 6:15 | Town Hall |
| 6:56 | Scout Tower |
| 7:09 | Scout Tower |
| 7:23 | Peasant |
| 7:44 | Advanced Masonry |
| 8:03 | Arcane Tower |
| 8:06 | Arcane Tower |
| 8:08 | Guard Tower |
| 8:36 | Imbued Masonry |
| 8:39 | Workshop |
| 8:54 | Arcane Sanctum |
| 8:57 | Gryphon Aviary |
| 9:09 | Holy Light |
| 9:56 | Scout Tower |
| 9:59 | Scout Tower |
| 10:00 | Scout Tower |
| 10:01 | Scout Tower |
| 10:10 | Magic Sentry |
| 10:29 | Town Hall |
| 11:15 | Cannon Tower |
| 12:30 | Town Hall |
| 12:49 | Scout Tower |
| 12:53 | Scout Tower |
| 12:54 | Scout Tower |
| 13:04 | Farm |
| 13:04 | Farm |
| 13:06 | Farm |
| 13:38 | Cannon Tower |
| 13:40 | Arcane Tower |
| 13:50 | Storm Bolt |
| 13:52 | Arcane Tower |
| 13:56 | Scout Tower |
| 13:57 | Scout Tower |
| 14:27 | Cannon Tower |
| 14:57 | Peasant |
| 14:57 | Peasant |
| 15:04 | Farm |
| 15:06 | Farm |
| 15:13 | Cannon Tower |
| 15:16 | Scout Tower |
| 15:17 | Scout Tower |
| 15:18 | Scout Tower |
| 15:35 | Town Hall |
| 15:54 | Keep |
| 16:12 | Arcane Tower |
| 18:02 | Peasant |
| 18:02 | Peasant |
| 18:03 | Peasant |
| 18:07 | Peasant |
| 18:27 | Altar of Kings |
| 19:26 | Arcane Vault |
| 19:28 | Castle |
| 20:13 | Dragonhawk Rider |
| 20:13 | Dragonhawk Rider |
| 20:14 | Dragonhawk Rider |
| 20:14 | Dragonhawk Rider |
| 20:14 | Dragonhawk Rider |
| 20:16 | Sorceress Adept Training |
| 20:16 | Sorceress |
| 20:16 | Sorceress |
| 20:17 | Sorceress |
| 21:49 | Sorceress Master Training |
| 21:57 | Cloud |
| 22:21 | Studded Leather Armor |
| 22:25 | Barracks |
| 22:28 | Farm |
| 22:30 | Farm |
| 24:01 | Town Hall |
| 25:03 | Holy Light |
| 25:13 | Dragonhawk Rider |
| 25:13 | Dragonhawk Rider |
| 25:39 | Arcane Tower |
| 27:35 | Dragonhawk Rider |
| 27:35 | Dragonhawk Rider |
| 27:35 | Dragonhawk Rider |
| 40:31 | Dragonhawk Rider |
| 40:31 | Dragonhawk Rider |
| 40:31 | Dragonhawk Rider |
| 40:31 | Dragonhawk Rider |
| 42:57 | Reinforced Leather Armor |
| 43:19 | Holy Light |
| 45:23 | Blizzard |
| Right click | 2127 |
| Select group | 1959 |
| Select | 449 |
| Chat | 95 |
| Build/train/purchase | 93 |
| Use ability | 68 |
| Misc. action | 61 |
| Assign group | 23 |
| Resource trade | 10 |
| Minimap ping | 8 |
| Esc | 5 |
| Item give/drop | 2 |
| Remove unit | 2 |
Cabeelibob
(194)
(50:19) : 
| Lesser Clarity Potion | 9 | 630 |
| Healing Salve | 2 | 200 |
| Orb of Lightning | 1 | 375 |
| Tiny Great Hall | 8 | 4800 |
| Scroll of Town Portal | 1 | 350 |
| Staff of Teleportation | 1 | 150 |
| Boots of Speed | 4 | 1000 |
| total: | 26 | 7505g |
| Peon | 68 | 5100 | / | 0 |
| Troll Witch Doctor | 4 | 580 | / | 100 |
| Kodo Beast | 1 | 255 | / | 60 |
| total: | 73 | 5935g | / | 160w |
| Watch Tower | 3 | 330 | / | 240 |
| Altar of Storms | 1 | 180 | / | 50 |
| Orc Burrow | 2 | 320 | / | 80 |
| War Mill | 1 | 205 | / | 0 |
| Voodoo Lounge | 2 | 260 | / | 60 |
| Great Hall | 2 | 770 | / | 370 |
| Spirit Lodge | 1 | 150 | / | 150 |
| Beastiary | 1 | 145 | / | 140 |
| Stronghold | 1 | 315 | / | 190 |
| Fortress | 1 | 325 | / | 190 |
| total: | 13 | 2360g | / | 1090w |
| 0:05 | Altar of Storms |
| 0:08 | Orc Burrow |
| 0:09 | Peon |
| 0:10 | Peon |
| 0:17 | Peon |
| 0:40 | Peon |
| 0:56 | Peon |
| 0:59 | War Mill |
| 1:06 | Peon |
| 1:31 | Voodoo Lounge |
| 1:34 | Voodoo Lounge |
| 1:35 | Peon |
| 1:50 | Orc Burrow |
| 1:52 | Peon |
| 1:59 | Peon |
| 2:06 | Wind Walk |
| 2:17 | Peon |
| 2:28 | Peon |
| 2:35 | Peon |
| 3:07 | Peon |
| 3:21 | Watch Tower |
| 4:08 | Staff of Teleportation |
| 4:08 | Boots of Speed |
| 4:10 | Stronghold |
| 4:40 | Lesser Clarity Potion |
| 4:42 | Healing Salve |
| 4:53 | Watch Tower |
| 4:53 | Watch Tower |
| 7:03 | Fortress |
| 7:07 | Spirit Lodge |
| 7:19 | Beastiary |
| 8:02 | Lesser Clarity Potion |
| 8:31 | Witch Doctor Adept Training |
| 10:09 | Critical Strike |
| 10:27 | Shaman Adept Training |
| 10:29 | Witch Doctor Master Training |
| 10:30 | Troll Witch Doctor |
| 10:30 | Troll Witch Doctor |
| 10:30 | Troll Witch Doctor |
| 10:30 | Troll Witch Doctor |
| 10:37 | Healing Salve |
| 10:42 | Orb of Lightning |
| 10:50 | War Drums Damage Increase |
| 10:52 | Kodo Beast |
| 12:37 | Critical Strike |
| 13:40 | Tiny Great Hall |
| 14:52 | Peon |
| 14:52 | Peon |
| 14:52 | Peon |
| 14:52 | Peon |
| 14:53 | Peon |
| 15:46 | Lesser Clarity Potion |
| 15:48 | Tiny Great Hall |
| 17:09 | Peon |
| 17:09 | Peon |
| 17:09 | Peon |
| 17:09 | Peon |
| 17:09 | Peon |
| 17:45 | Lesser Clarity Potion |
| 19:01 | Wind Walk |
| 20:22 | Tiny Great Hall |
| 21:22 | Peon |
| 21:22 | Peon |
| 21:22 | Peon |
| 21:22 | Peon |
| 21:23 | Peon |
| 22:41 | Lesser Clarity Potion |
| 22:45 | Tiny Great Hall |
| 24:04 | Critical Strike |
| 24:40 | Peon |
| 24:40 | Peon |
| 24:40 | Peon |
| 24:40 | Peon |
| 24:40 | Peon |
| 24:49 | Tiny Great Hall |
| 25:53 | Peon |
| 25:53 | Peon |
| 25:54 | Peon |
| 25:54 | Peon |
| 25:54 | Peon |
| 28:35 | Boots of Speed |
| 28:35 | Boots of Speed |
| 28:35 | Boots of Speed |
| 29:06 | Tiny Great Hall |
| 29:41 | Bladestorm |
| 31:54 | Lesser Clarity Potion |
| 33:05 | Peon |
| 33:05 | Peon |
| 33:05 | Peon |
| 33:05 | Peon |
| 33:06 | Peon |
| 33:18 | Tiny Great Hall |
| 34:41 | Peon |
| 34:42 | Peon |
| 34:42 | Peon |
| 34:42 | Peon |
| 34:42 | Peon |
| 34:42 | Peon |
| 34:44 | Peon |
| 34:58 | Lesser Clarity Potion |
| 37:02 | Great Hall |
| 37:51 | Tiny Great Hall |
| 38:32 | Lesser Clarity Potion |
| 38:36 | Peon |
| 38:36 | Peon |
| 38:36 | Peon |
| 38:37 | Peon |
| 38:37 | Peon |
| 40:04 | Peon |
| 40:06 | Peon |
| 40:17 | Peon |
| 40:17 | Peon |
| 40:18 | Peon |
| 40:18 | Peon |
| 40:38 | Scroll of Town Portal |
| 41:17 | Lesser Clarity Potion |
| 41:25 | Peon |
| 41:25 | Peon |
| 41:53 | Wind Walk |
| 42:18 | Peon |
| 42:18 | Peon |
| 42:18 | Peon |
| 42:18 | Peon |
| 42:18 | Peon |
| 43:49 | Mirror Image |
| 48:17 | Great Hall |
| Right click | 1155 |
| Select | 264 |
| Build/train/purchase | 182 |
| Select group | 180 |
| Chat | 166 |
| Misc. action | 139 |
| Resource trade | 110 |
| Use ability | 34 |
| Item give/drop | 14 |
| Remove unit | 9 |
| Minimap ping | 6 |
| Assign group | 2 |
⇛